 Dungeon Crawl Stone Soup version 0.31.0-12-g77e489cdc1 (webtiles) character file.

Game seed: 12824506947923428665

51 Doomgape the Trooper (level 3, -1/24 HPs)
             Began as a Gargoyle Fighter on Feb 19, 2024.
             Slain by an orc wizard
             ... wielding a +0 dagger
              (3 damage)
             ... on level 2 of the Dungeon.
             The game lasted 00:02:24 (754 turns).

Doomgape the Trooper (Gargoyle Fighter)              Turns: 754, Time: 00:02:25

Health: -1/24      AC: 10    Str: 21    XL:     3   Next: 83%
Magic:  3/3        EV:  9    Int:  8    God:
Gold:   50         SH:  0    Dex:  9    Spells: 2/2 levels left

rFire   . . .        a - +0 flail
rCold   . . .        c - +0 buckler
rNeg    + . .        b - +0 scale mail
rPois   ∞            (no helmet)
rElec   +            (no cloak)
rCorr   .            (no gloves)
SInv    .            (no boots)
Will    .....        (no amulet) Stlth
                     (no ring)
HPRegen 0.24/turn    (no ring)
MPRegen 0.08/turn

%: no passive effects
@: confused
A: sickness immunity, AC +3, negative energy resistance 1, electricity
resistance, torment resistance 1, petrification resistance
a: no special abilities


You were on level 2 of the Dungeon.
You visited 1 branch of the dungeon, and saw 2 of its levels.

You collected 50 gold pieces.

Inventory:

Hand Weapons
 a - a +0 flail (weapon)
Armour
 b - a +0 scale mail (worn)
 c - a +0 buckler (worn)
Scrolls
 e - a scroll of amnesia {unknown}
 f - a scroll of noise {unknown}
 g - a scroll of immolation {unknown}
 i - a scroll of blinking {unknown}
 j - a scroll of vulnerability {unknown}
 k - a scroll of identify {unknown}
Potions
 d - a potion of might
 h - a potion of brilliance {unknown}
 l - 2 potions of resistance {unknown}


   Skills:
 + Level 3.8 Fighting
 + Level 2.6 Maces & Flails
 + Level 3.8 Armour
 + Level 3.8 Shields


You had 2 spell levels left.
You didn't know any spells.
Your spell library contained the following spells:

 Spells                   Type           Power      Damage    Failure   Level
 Kiss of Death            Conj/Necr      0%         2d5       82%         1
 Confusing Touch          Hex            0%         N/A       99%         3
 Dispel Undead            Necr           0%         3d6       100%        4


Dungeon Overview and Level Annotations

Branches:
Dungeon (2/15)

Altars:

Shops:
D:2 (


Innate Abilities, Weirdness & Mutations

You are immune to sickness and miasma.
Your stone body is resilient. (AC +3)
You are immune to poison.
You resist negative energy. (rN+)
You are resistant to electric shocks. (rElec)
You are resistant to unholy torment.
You are immune to petrification.


Message History

You hit the kobold.
The kobold is severely wounded.
An orc comes into view. It is wielding a +0 flail.
You block the kobold's attack.
The orc shouts!
You hit the kobold.
You kill the kobold!
Something tries to affect you, but you resist.
A kobold comes into view. It is wielding a +0 club.
Found a scroll labelled HOMINK NUNE.
The kobold shouts!
Things that are here:
a +0 dagger; 4 stones; a kobold corpse You hear some strange, mumbled words.
You are confused.
Unknown command.
The orc priest barely misses you. Something hits you but does no damage.
The orc closely misses you.
The orc priest hits you with a +0 flail!
Things that are here:
a +0 dagger; 4 stones; a kobold corpse Unknown command.
Something hits you.
The orc priest attacks as it pursues you!
The orc priest barely misses you.
The orc priest mumbles some strange prayers to Beogh against you.
Beogh smites you!
Ouch! That really hurt!
* * * LOW HITPOINT WARNING * * *
Something hits you but does no damage.
You're too confused to move!
Unknown command.
You feel less confused.
Found a scroll labelled ANAZELY XIKIATZ.
You hear some strange, mumbled words.
You are confused.
You bump into the rock wall.
The orc hits you with a +0 flail.
* * * LOW HITPOINT WARNING * * *
Something hits you.
You die...

#. #.####....................†
#.#.....###..#...>....###....
##..#.##..###...........##....
..........##......#.#.........
........)...........#.##......
...........#...#...#..#....#..
.?............................
..>.........o####..........###
######....=K.@.............#
##..##.o####..........###
...##...............#...#
#.#.##.#..###........#...#
#.#.##...............##...
.....#####.#.#####>.. ....###
#...# #... .? .. ###.#####...
.##.........


You could see an orc priest, an orc and a kobold.

Vanquished Creatures
  2 adders (D:2)
  5 endoplasms
  A giant cockroach (D:1)
  2 hobgoblins (D:1)
  4 jackals (D:1)
  3 kobolds
  A quokka (D:2)
  5 ball pythons (D:1)
  4 bats
  3 frilled lizards
  2 rats (D:1)
32 creatures vanquished.

Notes
Turn   | Place    | Note
-------+----------+-------------------------------------------
     0 | D:1      | Doomgape the Gargoyle Fighter began the quest for the Orb.
     0 | D:1      | Reached XP level 1. HP: 14/14 MP: 1/1
   155 | D:1      | Reached XP level 2. HP: 17/19 MP: 2/2
   312 | D:1      | Reached XP level 3. HP: 23/23 MP: 3/3
   639 | D:2      | Found Polaz's Antique Weapon Shoppe.
   754 | D:2      | Slain by an orc wizard

Illustrated notes

Levels and vault maps discovered:
D:1:      pf_arrival_petrified_forest, layout_basic, minmay_split_cup_large
D:2:      layout_rooms, basic_altar, serial_shops, nicolae_shop_back_alley_shop

Action                     || total
---------------------------++-------
  Melee: Flail             ||   103
 Armour: Scale mail        ||    90
  Dodge: Dodged            ||    72
  Block: Buckler           ||    27
